[Event "Early-Titled-Tuesday-Blitz-October-24-2023"]
[Site "Chess.com"]
[Date "2023.10.24"]
[Round "3"]
[White "Flameboard08"]
[Black "topin8"]
[Result "0-1"]
[WhiteElo "2594"]
[BlackElo "2452"]
[TimeControl "180+1"]
[EndTime "8:27:12 PDT"]
[Termination "topin8 won by checkmate"]

1. e4 e5 2. Nc3 Nc6 3. b3 Nf6 4.
Bb2 Be7 5. g3 O-O 6. Bg2 d6 7.
Nge2 Kh8 8. O-O Nd4 9. Nxd4 exd4 10. Ne2 c5 11. d3 Be6 12. h3 d5 13. e5 Nd7 14. f4 f5 15. Kh2 b5 16. b4 Qb6 17. Qe1 Rac8 18. Qf2 cxb4 19. Bxd4 Qb7 20. Rfc1 a5 21. Be3 Qa6 22. Nd4 Bc5 23. Qf3 Bxd4 24.
Bxd4 Rc7 25. a3 bxa3 26. Rxa3 Rfc8 27. Rca1 a4 28. c3 Qb7 29. Rb1 Qc6 30. g4 g6 31.
gxf5 gxf5 32. h4 Nc5 33. Bh3 Rg7 34. h5 h6 35. Bf2 Nd7 36. Bh4 Rcg8 37. Rb2 Qc5 38. Raa2 Qg1# 0-1

[Event "Early-Titled-Tuesday-Blitz-October-24-2023"]
[Site "Chess.com"]
[Date "2023.10.24"]
[Round "3"]
[White "vedantgoswami"]
[Black "deribas12345"]
[Result "0-1"]
[WhiteElo "2376"]
[BlackElo "2567"]
[TimeControl "180+1"]
[EndTime "8:27:12 PDT"]
[Termination "deribas12345 won on time"]

1. c3 d5 2. d4 Bf5 3. Qb3 b6 4. Nf3 Nf6 5. Bf4 e6 6. Nbd2 Bd6 7.
Bxd6 cxd6 8. e3 O-O 9. Be2 h6 10. h3 Nc6 11. g4 Be4 12. Rg1 e5 13. g5 hxg5 14. Nxg5 Bg6 15. h4 Rc8 16. h5 Nxh5 17. Qxd5 exd4 18. Bxh5 Bxh5 19. cxd4 Nb4 20. Qh1 Bg6 21. Qh4 Nd3+ 22. Ke2 Qf6 23. f4 Rfe8 24. Rg3 Nxf4+ 25. Ke1 Nh5 26. Rh3 Rc2 27. Ndf3 Rxe3+ 28. Kd1 Rd3+ 29. Kxc2 Rxd4+ 30. Kc1 Rxh4 0-1

[Event "Early-Titled-Tuesday-Blitz-October-24-2023"]
[Site "Chess.com"]
[Date "2023.10.24"]
[Round "3"]
[White "crazy_m_attack"]
[Black "ImBushchess"]
[Result "1-0"]
[WhiteElo "2444"]
[BlackElo "2206"]
[TimeControl "180+1"]
[EndTime "8:27:12 PDT"]
[Termination "crazy_m_attack won by checkmate"]

1. e4 d6 2. d4 g6 3. Nc3 Bg7 4. f4 Nd7 5. Nf3 c5 6. Be3 cxd4 7. Bxd4 e5 8. Be3 Ngf6 9. Qxd6 Bf8 10. Qd3 Bb4 11.
Nxe5 Qa5 12. Nc4 Qc7 13. a3 Bxc3+ 14. Qxc3 O-O 15. Bd3 Ng4 16. Bd4 Qxf4 17. Rf1 Qh6 18. Nd2 Qh4+ 19. g3 Qxh2 20. O-O-O Qxg3 21. Rg1 Qh4 22. Rdf1 h5 23. Nf3 Qe7 24. Bc4 Nb6 25. Bb3 Be6 26. Bc5 Qc7 27. Bxf8 Qf4+ 28. Nd2 Qg5 29. Qg7# 1-0

[Event "Early-Titled-Tuesday-Blitz-October-24-2023"]
[Site "Chess.com"]
[Date "2023.10.24"]
[Round "3"]
[White "santosalberto1987"]
[Black "NMJeevanK"]
[Result "0-1"]
[WhiteElo "2413"]
[BlackElo "2588"]
[TimeControl "180+1"]
[EndTime "8:27:13 PDT"]
[Termination "NMJeevanK won by checkmate"]

1. e4 Nf6 2. e5 Nd5 3. d4 Nb6 4. c4 d6 5. exd6 exd6 6. Nf3 Be7 7. Nc3 O-O 8. Be2 N8d7 9. O-O Nf6 10. b3 d5 11. c5 Nbd7 12. Bf4 c6 13. Bd3 a5 14. a3 b6 15. b4 Bb7 16. Re1 Re8 17. Ne5 Nxe5 18.
Bxe5 Nd7 19. Bf4 Bf6 20. Rxe8+ Qxe8 21. Bf5 bxc5 22. bxc5 Nxc5 23. Rb1 Bc8 24. Bc2 Ne4 25. Nxe4 dxe4 26. Ba4 Bf5 27. Rc1 Rc8 28. Qd2 Qd7 29. Be3 h6 30. Qxa5 Be6 31. Qb4 Bd5 32. Bb3 Be7 33. Qa4 f5 34. Bxd5+ Qxd5 35. Qa6 Qd7 36. a4 g5 37. g3 f4 38. gxf4 Qg4+ 39. Kf1 gxf4 40.
Bxf4 Rf8 41. Bg3 e3 42. Qxc6 exf2 43. Qc4+ Kg7 44. Qe2 Qh3# 0-1

[Event "Early-Titled-Tuesday-Blitz-October-24-2023"]
[Site "Chess.com"]
[Date "2023.10.24"]
[Round "3"]
[White "hansen"]
[Black "deepfear"]
[Result "1-0"]
[WhiteElo "2929"]
[BlackElo "1784"]
[TimeControl "180+1"]
[EndTime "8:27:15 PDT"]
[Termination "hansen won on time"]

1. a3 g6 2. Nf3 Bg7 3. d4 Nf6 4. Bf4 O-O 5. Nbd2 d6 6. e3 Nc6 7.
Bb5 a6 8. Bxc6 bxc6 9. O-O Rb8 10. Rb1 h6 11. h3 Nd7 12. Nc4 c5 13. Na5 Bb7 14.
Nxb7 Rxb7 15. c3 cxd4 16. exd4 c5 17. Re1 Re8 18. Qd2 Kh7 19. dxc5 Nxc5 20. Qc2 Ne6 21. Rxe6 fxe6 22. Nh4 Rf8 23. Nxg6 Rf5 24. Nh4 Kg8 25. Nxf5 exf5 26. Qxf5 Qb8 27. Qe6+ Kh8 28. Bxh6 Bxh6 29.
Qxh6+ Kg8 30. Qe6+ Kf8 31. b4 Rc7 32. c4 Qc8 33. Qxc8+ Rxc8 34. Rc1 d5 35. c5 e5 36. f4 e4 37. Rd1 Rd8 38. Rd4 Ke7 39. a4 Ke6 40. b5 axb5 41. axb5 Rc8 42. b6 Rxc5 43. Rb4 Rc8 44. b7 Rb8 45. Kf2 Kf5 46. Ke3 Ke6 47.
Rb6+ Kd7 48. Kd4 Kc7 49. Rb1 1-0

[Event "Early-Titled-Tuesday-Blitz-October-24-2023"]
[Site "Chess.com"]
[Date "2023.10.24"]
[Round "3"]
[White "biostatistician"]
[Black "ViktoriyaTarasova"]
[Result "1-0"]
[WhiteElo "2566"]
[BlackElo "2380"]
[TimeControl "180+1"]
[EndTime "8:27:16 PDT"]
[Termination "biostatistician won by resignation"]

1. d4 Nf6 2. Nf3 e6 3. c4 b6 4. Nc3 Bb4 5. Qc2 Bb7 6. a3 Bxc3+ 7. Qxc3 O-O 8. g3 d6 9. Bg2 Nbd7 10. O-O a5 11. b3 Be4 12. Bb2 Qc8 13. Rac1 Qb7 14. Rfd1 h6 15. d5 e5 16. Nh4 Bxg2 17. Kxg2 Nc5 18. f3 b5 19. Ba1 a4 20. b4 Nb3 21.
Rb1 c6 22. dxc6 Qxc6 23. Nf5 Qxc4 24. Qxc4 bxc4 25. Nxd6 Nxa1 26. Rxa1 c3 27. Rac1 Rfd8 28. Rxc3 Ne8 29. Rcd3 Nxd6 30. Rxd6 Rdc8 31. R1d3 Kh7 32. h4 Rc2 33. Kf2 Rac8 34. Ra6 Ra2 35. Rxa4 Rcc2 36. Re3 f6 37. h5 Rc1 38. g4 Raa1 39. Rd3 Rf1+ 40. Ke3 Rfe1 41. Ra7 Ra2 42. Rd2 Raa1 43. b5 Rab1 44. a4 Rb3+ 45. Rd3 Reb1 46. Rxb3 1-0

[Event "Early-Titled-Tuesday-Blitz-October-24-2023"]
[Site "Chess.com"]
[Date "2023.10.24"]
[Round "3"]
[White "tomobeast"]
[Black "masterofpuppets2"]
[Result "0-1"]
[WhiteElo "2232"]
[BlackElo "2529"]
[TimeControl "180+1"]
[EndTime "8:27:16 PDT"]
[Termination "masterofpuppets2 won on time"]

1. e4 c5 2. Nf3 Nc6 3. d4 cxd4 4. Nxd4 Nf6 5. Nc3 d6 6. Bg5 e6 7. f4 a6 8. Qd2 Bd7 9. O-O-O Be7 10. Nf3 b5 11.
Bd3 b4 12. Ne2 Qc7 13. Kb1 O-O 14. h4 Ng4 15. Ned4 h6 16. Bxe7 Nxe7 17. Rdf1 a5 18. h5 e5 19. Nf5 Nxf5 20. exf5 Nf6 21. g4 exf4 22. Qxf4 Nd5 23. Qd2 Nc3+ 24. Ka1 f6 25. bxc3 bxc3 26. Qc1 Rab8 27. Nd4 Rb2 28. Ne2 Rfb8 29.
Rf4 Qc5 30. Bc4+ d5 31. Nxc3 dxc4 32. Rd1 Qa3 33. Rf3 Ba4 34. Rd5 Bxc2 0-1

[Event "Early-Titled-Tuesday-Blitz-October-24-2023"]
[Site "Chess.com"]
[Date "2023.10.24"]
[Round "3"]
[White "Zurability"]
[Black "chess_blitz00"]
[Result "1-0"]
[WhiteElo "2795"]
[BlackElo "2494"]
[TimeControl "180+1"]
[EndTime "8:27:18 PDT"]
[Termination "Zurability won on time"]

1. d4 g6 2. e4 Bg7 3. Nc3 d6 4. Be2 c6 5. Be3 Qa5 6. Qd2 Nf6 7. f3 b5 8. h4 h5 9. Nh3 Bxh3 10. Rxh3 Nbd7 11.
a3 a6 12. Rh1 Qc7 13. f4 Nb6 14. Rf1 Ng4 15. Bxg4 Nc4 16. Qe2 hxg4 17. Bg1 Nxb2 18. Qxg4 Qa5 19. Rf3 Na4 20. Kd2 c5 21. e5 dxe5 22.
fxe5 Rd8 23. e6 Rxd4+ 24. Bxd4 cxd4 25. exf7+ Kd8 26. Qxg6 dxc3+ 27. Ke2 Qb6 28. Rd1+ Kc7 29. Qxg7 Qe6+ 30. Kf2 Qb6+ 31. Kg3 Qe6 32. f8=Q 1-0

[Event "Early-Titled-Tuesday-Blitz-October-24-2023"]
[Site "Chess.com"]
[Date "2023.10.24"]
[Round "3"]
[White "ideika"]
[Black "chess123456s"]
[Result "1-0"]
[WhiteElo "2399"]
[BlackElo "2527"]
[TimeControl "180+1"]
[EndTime "8:27:18 PDT"]
[Termination "ideika won on time"]

1. e4 e5 2. Nf3 Nf6 3. Nxe5 d6 4.
Nf3 Nxe4 5. Nc3 Nxc3 6. dxc3 Be7 7. Bc4 O-O 8. Be3 Nc6 9. Qd2 Bf5 10. O-O-O Ne5 11.
Nxe5 dxe5 12. Qe2 Qc8 13. f3 Be6 14. Bd3 a5 15. h4 Bxa2 16. f4 a4 17. Qh5 g6 18. Qh6 a3 19. h5 axb2+ 20. Kxb2 Ba3+ 21. Ka1 Be6 22. Kb1 Qd7 23. hxg6 fxg6 24. Bc4 Qg7 25. Bxe6+ 1-0

[Event "Early-Titled-Tuesday-Blitz-October-24-2023"]
[Site "Chess.com"]
[Date "2023.10.24"]
[Round "3"]
[White "Ginzburg_Yakov"]
[Black "Masterbeaterr"]
[Result "1/2-1/2"]
[WhiteElo "2607"]
[BlackElo "2445"]
[TimeControl "180+1"]
[EndTime "8:27:20 PDT"]
[Termination "Game drawn by repetition"]

1. d4 d5 2. Nf3 Nf6 3. c4 dxc4 4. g3 e6 5. Bg2 Nc6 6. O-O Rb8 7. a4 a6 8. Ne5 Nxe5 9. dxe5 Qxd1 10. Rxd1 Nd7 11.
f4 b5 12. Be3 Bb7 13. axb5 Bxg2 14. Kxg2 axb5 15. Ra7 Kd8 16. Nc3 Kc8 17. Ne4 Be7 18.
h4 h5 19. Kf3 Rd8 20. Nd6+ Bxd6 21. exd6 Rb7 22. Ra8+ Rb8 23. Ra5 cxd6 24. Rxd6 Kc7 25. Rda6 Rb7 26. Bd4 f6 27. Rxe6 Nb8 28. Re7+ Rd7 29.
Rxd7+ Kxd7 30. Ra8 Nc6 31. Bc3 b4 32. Bd2 f5 33. e4 Nd4+ 34. Ke3 Nc2+ 35. Kf3 Nd4+ 36. Ke3 Nc2+ 37. Kf3 Nd4+ 1/2-1/2

[Event "Early-Titled-Tuesday-Blitz-October-24-2023"]
[Site "Chess.com"]
[Date "2023.10.24"]
[Round "3"]
[White "AndresDelgado77"]
[Black "HajiyevKanan"]
[Result "0-1"]
[WhiteElo "2360"]
[BlackElo "2562"]
[TimeControl "180+1"]
[EndTime "8:27:20 PDT"]
[Termination "HajiyevKanan won on time"]

1. e4 c6 2. Ne2 d5 3. e5 a6 4.
d4 c5 5. dxc5 Nc6 6. Nbc3 d4 7.
Na4 Bf5 8. c3 d3 9. Ng3 Bg6 10.
h4 h5 11. Nb6 Rb8 12. Be3 Nxe5 13. Bf4 f6 14. Bxe5 fxe5 15. Qa4+ Kf7 16. Nd7 Ke6 17.
Nxb8 Qxb8 18. Qc4+ Kf6 19. Bxd3 Bxd3 20. Qxd3 e6 21. Ne4+ Kf7 22. Ng5+ Ke8 23. Qg6+ Kd7 24. Qxe6+ Kc7 25. Nf7 Rh7 26. O-O-O Qc8 27. Qxe5+ Kc6 0-1

[Event "Early-Titled-Tuesday-Blitz-October-24-2023"]
[Site "Chess.com"]
[Date "2023.10.24"]
[Round "3"]
[White "IljaZaragatski"]
[Black "BJthechessgod"]
[Result "1-0"]
[WhiteElo "2642"]
[BlackElo "2380"]
[TimeControl "180+1"]
[EndTime "8:27:20 PDT"]
[Termination "IljaZaragatski won on time"]

1. e4 c5 2. Nf3 e6 3. d4 cxd4 4. Nxd4 Nc6 5. Nc3 Qc7 6. Be3 a6 7. Nxc6 bxc6 8. Bd3 Nf6 9. O-O d5 10. Qf3 Bd6 11. h3 O-O 12. Na4 c5 13. exd5 exd5 14.
Bg5 Be5 15. Bxf6 Bxf6 16. Qxd5 Rb8 17. Rab1 Be6 18. Qxc5 Qxc5 19. Nxc5 Bxa2 20. Nd7 Bxb1 21. Rxb1 Bxb2 22. Nxb8 Rxb8 23. Bxa6 Be5 24. Re1 f6 25. Bd3 Kf7 26. h4 g6 27. g3 Rb4 28. Kg2 Kg7 29. Rd1 Kf7 30. Be2 Rd4 31. Rb1 Rd7 32. Bc4+ Kg7 33. Bd3 Kf7 34. f4 Bd6 35. Kf3 f5 36. h5 Kg7 37. Rb6 Bc5 38. Rc6 Ba7 39. Bc4 Re7 40. Be6 Kf6 41. hxg6 hxg6 42. Bxf5+ Kg7 43.
Rxg6+ Kf7 44. Ra6 Re3+ 45. Kg4 Re7 46. Kg5 Bf2 47. g4 Re8 48. Bg6+ Kg7 49. Bxe8 1-0

[Event "Early-Titled-Tuesday-Blitz-October-24-2023"]
[Site "Chess.com"]
[Date "2023.10.24"]
[Round "3"]
[White "lilleper1"]
[Black "GatoRojo150"]
[Result "1-0"]
[WhiteElo "2882"]
[BlackElo "2594"]
[TimeControl "180+1"]
[EndTime "8:27:25 PDT"]
[Termination "lilleper1 won on time"]

1. c4 e5 2. e3 Nf6 3. Nc3 Nc6 4. Nf3 Bb4 5. Nd5 e4 6. Ng1 O-O 7. Qc2 Re8 8. Ne2 d6 9. Ng3 Bc5 10. a3 Nxd5 11. cxd5 Ne5 12. Nxe4 Bb6 13. d4 Ng6 14.
Bd3 Bxd4 15. exd4 f5 16. O-O fxe4 17. Bxe4 Qf6 18. Be3 Bd7 19. f3 Qh4 20. Bf2 Qg5 21.
Bg3 Rac8 22. Rfe1 Nh4 23. Bxh7+ Kh8 24. Bxh4 Qxh4 25. Be4 Rf8 26. Qf2 Qh6 27. Rac1 Rf6 28. Qg3 Qd2 29. Qf2 Qg5 30. Rc2 Rh6 31. Qg3 Qf6 32. Rd2 c6 33. dxc6 bxc6 34. d5 c5 35. Bb1 c4 36. Rde2 Qd4+ 37. Kh1 Rf8 38. Re7 Bf5 39.
Bxf5 Rxf5 40. h3 Kh7 41. R7e6 Rff6 42. Qxd6 Qxb2 43. Rxf6 Rxf6 44. Qc5 Rg6 45. Rg1 c3 46. d6 Qd2 47. d7 c2 48. d8=Q Qxd8 49. Qxc2 Qd4 50. Qe4 Qd6 51. a4 Kh8 52. Rc1 1-0

[Event "Early-Titled-Tuesday-Blitz-October-24-2023"]
[Site "Chess.com"]
[Date "2023.10.24"]
[Round "3"]
[White "vladislavkovalev"]
[Black "leejunhyeok"]
[Result "1-0"]
[WhiteElo "2886"]
[BlackElo "2662"]
[TimeControl "180+1"]
[EndTime "8:27:27 PDT"]
[Termination "vladislavkovalev won on time"]

1. e4 c5 2. Nf3 d6 3. Bb5+ Bd7 4. Bxd7+ Qxd7 5. c4 e5 6. Nc3 Nc6 7. d3 g6 8. a3 Bg7 9. b4 Nge7 10. Be3 b6 11. Nd2 O-O 12. f3 cxb4 13. axb4 Nxb4 14. Qb1 Nbc6 15. O-O Nd4 16. Ra2 f5 17. Qb2 fxe4 18. dxe4 Rfc8 19. Rfa1 Rc6 20. Nb5 Nxb5 21. cxb5 Rc7 22.
Bxb6 Rb7 23. Nc4 d5 24. exd5 Nxd5 25. Qb3 Qe6 26. Bxa7 e4 27. Bf2 Rab8 28. Ra6 Qd7 29. Nb6 Rxb6 30. Rxb6 Rxb6 31. Ra8+ Kf7 32. Bxb6 Qb7 33.
Ra7 1-0

[Event "Early-Titled-Tuesday-Blitz-October-24-2023"]
[Site "Chess.com"]
[Date "2023.10.24"]
[Round "3"]
[White "MasterKroket"]
[Black "Akylbek2021"]
[Result "1-0"]
[WhiteElo "2533"]
[BlackElo "2267"]
[TimeControl "180+1"]
[EndTime "8:27:27 PDT"]
[Termination "MasterKroket won by checkmate"]

1. e4 e6 2. d4 d5 3. Nc3 Bb4 4. e5 c5 5. a3 Bxc3+ 6. bxc3 Ne7 7. h4 Nbc6 8. Nf3 Qc7 9. h5 h6 10. g4 Bd7 11. Be3 cxd4 12. cxd4 Na5 13. Nd2 Rc8 14. Bd3 Ba4 15. Ra2 Qc3 16. Qb1 b6 17. Qb4 Bd7 18.
O-O Qc7 19. Rc1 g6 20. c4 gxh5 21. gxh5 Qb7 22. c5 Nac6 23. Qb1 Rb8 24. Rb2 Nf5 25. Bxf5 exf5 26. cxb6 axb6 27. Rc3 Na5 28. Rb4 b5 29. a4 Ke7 30. axb5 Bxb5 31. Rc5 Bd7 32. Rxb7 Rxb7 33. Rxa5 Rxb1+ 34. Nxb1 Rb8 35. Nd2 Rb2 36. Rxd5 Ke6 37. Rd6+ Ke7 38. Rxh6 Be6 39. Rxe6+ fxe6 40. h6 Ra2 41. Nf3 Ra8 42. Nh4 Kf7 43. Kg2 Kg8 44.
Kf3 Kh7 45. Ng2 Rg8 46. Nf4 Re8 47. Nh5 Re7 48. Nf6+ Kh8 49. Bg5 Ra7 50. d5 exd5 51. Nxd5 Ra4 52. e6 Kh7 53. e7 Re4 54. Nf6+ Kg6 55.
Nxe4 fxe4+ 56. Kxe4 Kf7 57. h7 Kg7 58. e8=Q Kxh7 59.
Qf7+ Kh8 60. Bf6# 1-0

[Event "Early-Titled-Tuesday-Blitz-October-24-2023"]
[Site "Chess.com"]
[Date "2023.10.24"]
[Round "3"]
[White "ylr5000"]
[Black "lluiss"]
[Result "1-0"]
[WhiteElo "2439"]
[BlackElo "2210"]
[TimeControl "180+1"]
[EndTime "8:27:27 PDT"]
[Termination "ylr5000 won on time"]

1. d4 Nf6 2. c4 g6 3. Nc3 d5 4. cxd5 Nxd5 5. e4 Nxc3 6. bxc3 Bg7 7. Bc4 O-O 8. Ne2 c5 9. O-O Nc6 10. Be3 cxd4 11. cxd4 Na5 12. Bd3 Nc6 13. Bc2 b6 14. d5 Nb4 15. Bb3 Ba6 16. Qd2 Bxa1 17.
Rxa1 Bxe2 18. Qxe2 a5 19. Bc4 Qc8 20. Bxb6 Qb7 21.
Bd4 Rfc8 22. h4 h5 23. Rb1 Qc7 24. Rc1 Rab8 25. a3 Na6 26. e5 Nc5 27. Rc3 Na4 28.
Rc2 Nb6 29. Bb3 Qb7 30. d6 e6 31. Rb2 Qd7 32. Bxe6 Qxe6 33. Rxb6 Rxb6 34. Bxb6 Rc1+ 35. Kh2 Rb1 36. Bxa5 Rb5 37. Bc3 Rc5 38. Qd3 Qc8 39. d7 Qd8 40. Bb4 Rc7 41. e6 fxe6 42. Qxg6+ 1-0

[Event "Early-Titled-Tuesday-Blitz-October-24-2023"]
[Site "Chess.com"]
[Date "2023.10.24"]
[Round "3"]
[White "Andrei_Skvortsov"]
[Black "abhidabhi"]
[Result "0-1"]
[WhiteElo "2660"]
[BlackElo "2886"]
[TimeControl "180+1"]
[EndTime "8:27:28 PDT"]
[Termination "abhidabhi won by checkmate"]

1. e4 c5 2. d4 cxd4 3. Qxd4 Nc6 4. Qd3 Nf6 5. Nc3 d6 6. Nf3 g6 7. Be2 Bg7 8. O-O O-O 9. Nd5 Nxd5 10. exd5 Bf5 11.
Qd1 Nb4 12. c3 Na6 13. a4 Nc5 14. Be3 a6 15. Re1 Rc8 16. Ra3 Qc7 17. Bf1 Rfe8 18. h3 Bd7 19. Bg5 e5 20. b4 Nxa4 21. Rxa4 Bxa4 22.
Qxa4 Qxc3 23. Rc1 Qb2 24. Qd7 Rb8 25. Rc7 Rf8 26. Be7 e4 27. Ng5 e3 28. fxe3 Qd2 29.
Bxf8 Qxe3+ 30. Kh1 Rxf8 31. Nf3 Qf2 32. Bd3 Qe3 33. Bf1 Qe4 34. Rxb7 Qxd5 35. Ra7 Qd1 36. Nh2 Be5 37. Rxa6 Bxh2 38. Kxh2 Qxf1 39. Qxd6 Re8 40.
Qc6 Qf4+ 41. g3 Re2+ 42. Kh1 Qf1# 0-1

[Event "Early-Titled-Tuesday-Blitz-October-24-2023"]
[Site "Chess.com"]
[Date "2023.10.24"]
[Round "3"]
[White "Alenzer"]
[Black "EvgenyBurmakin"]
[Result "0-1"]
[WhiteElo "2077"]
[BlackElo "2338"]
[TimeControl "180+1"]
[EndTime "8:27:30 PDT"]
[Termination "EvgenyBurmakin won by checkmate"]

1. e4 c5 2. Nf3 d6 3. c3 Nf6 4. h3 Nc6 5. Bd3 e5 6. Bc2 d5 7. exd5 Nxd5 8. O-O Be7 9. Re1 Qc7 10. Na3 O-O 11. Nc4 f6 12. Ne3 Nf4 13. Nf5 Be6 14. Nxe7+ Nxe7 15. d4 cxd4 16. cxd4 Rad8 17. Bxf4 Bxh3 18. Bg3 Bg4 19. Bb3+ Kh8 20. d5 Qa5 21. Qd3 Nxd5 22. Bxd5 Rxd5 23. Qe4 f5 24. Qc4 e4 25. Ng5 h6 26. Ne6 Rf6 27. Nf4 Rd8 28. Rac1 Rc6 29. Qf7 e3 30. fxe3 Rxc1 31. Rxc1 Qd2 32. Re1 Kh7 33. Qg6+ Kh8 34. Ne6 Rg8 35. Kh2 Bf3 36.
Rg1 Qxe3 37. Bf4 Qe4 38. Bxh6 Qh4# 0-1

[Event "Early-Titled-Tuesday-Blitz-October-24-2023"]
[Site "Chess.com"]
[Date "2023.10.24"]
[Round "3"]
[White "temiksmozg"]
[Black "SargissyanSargis"]
[Result "1-0"]
[WhiteElo "2583"]
[BlackElo "2405"]
[TimeControl "180+1"]
[EndTime "8:27:31 PDT"]
[Termination "temiksmozg won on time"]

1. d4 Nf6 2. c4 g6 3. Nc3 Bg7 4. e4 d6 5. f3 O-O 6. Nge2 a6 7. Be3 Nbd7 8. Qd2 c5 9. Rc1 cxd4 10. Nxd4 Nc5 11. Be2 Bd7 12. O-O Rc8 13. Rfd1 Ne6 14. b3 Nxd4 15. Bxd4 Be6 16. Na4 Nd7 17. Be3 f5 18. exf5 gxf5 19. Bf1 Qe8 20. Re1 Qg6 21. Nb6 Nxb6 22. Bxb6 Rf7 23. Bd4 Bxd4+ 24. Qxd4 Bd7 25.
c5 Qf6 26. Qd2 Kg7 27. Bc4 Rxc5 28. Bxf7 Rxc1 29. Qxc1 Kxf7 30. Qc4+ Be6 31. Qd3 Qg6 32. Qe3 Qf6 33. Qb6 Qc3 34. Qf2 Qc6 35. Qh4 Qc5+ 36. Kh1 1-0

[Event "Early-Titled-Tuesday-Blitz-October-24-2023"]
[Site "Chess.com"]
[Date "2023.10.24"]
[Round "3"]
[White "Yeremyan_ChessMate"]
[Black "GMWSO"]
[Result "1-0"]
[WhiteElo "2769"]
[BlackElo "3065"]
[TimeControl "180+1"]
[EndTime "8:27:32 PDT"]
[Termination "Yeremyan_ChessMate won by checkmate"]

1. g3 d5 2. Bg2 e5 3. c4 d4 4.
d3 Nc6 5. Nf3 Bb4+ 6. Bd2 a5 7.
O-O Nge7 8. e3 Bxd2 9. Qxd2 Bg4 10. exd4 Bxf3 11. Bxf3 Qxd4 12. Na3 Qd7 13. Rae1 O-O 14. Nb5 Rad8 15. b3 f6 16. Rd1 b6 17. Bg2 Nd4 18.
Nc3 Rfe8 19. Nd5 Nxd5 20. cxd5 Nf5 21. Bh3 g6 22. Rc1 Re7 23. Bg2 Nd6 24. f4 exf4 25.
Qxf4 f5 26. h4 Rde8 27. h5 Nf7 28. hxg6 hxg6 29. g4 fxg4 30. d4 g5 31. Qf6 Qd6 32. Qf5 Qh6 33. Qxg4 Nd6 34. Rc3 Qh4 35. Rg3 Qxg4 36. Rxg4 Rg7 37. Rg3 Re2 38. Rgf3 Rxa2 39. Rf8+ Kh7 40. Bf3 g4 41. Bd1 Rd2 42. Re1 Rxd4 43.
Bc2+ Kh6 44. Re5 Rg5 45. Rh8+ Kg7 46. Rh7+ Kf6 47. Re6# 1-0

[Event "Early-Titled-Tuesday-Blitz-October-24-2023"]
[Site "Chess.com"]
[Date "2023.10.24"]
[Round "3"]
[White "lefonghua"]
[Black "Blitzstream"]
[Result "1-0"]
[WhiteElo "2667"]
[BlackElo "2840"]
[TimeControl "180+1"]
[EndTime "8:27:32 PDT"]
[Termination "lefonghua won by resignation"]

1. d4 d5 2. c4 c6 3. Nf3 Nf6 4. Nc3 Bf5 5. cxd5 Nxd5 6. g3 Nd7 7. Bg2 N7f6 8. O-O e6 9. Ne5 Be7 10. Re1 Bg6 11. e4 Nb6 12. Be3 O-O 13. Nxg6 hxg6 14.
b3 Rc8 15. Qe2 c5 16. Red1 cxd4 17. Bxd4 Qc7 18. Nb5 Qb8 19. Bxb6 axb6 20. e5 Nd5 21. Bxd5 exd5 22. Rxd5 Rc5 23. Rad1 Qc8 24. Nd6 Qc6 25. Rxc5 bxc5 26. Qe4 Qxe4 27. Nxe4 b5 28. Rd7 Re8 29. Rb7 b4 30. Nd6 Bxd6 31. exd6 Rd8 32. d7 Kf8 33. Rc7 Ke7 34. Rxc5 Rxd7 35. Rb5 Ra7 36. Rxb4 Rxa2 37. h4 f6 38. Rb7+ Kf8 39. Kg2 Kg8 40. b4 Kh7 41. b5 Rb2 42. Rb8 Rb3 43. b6 g5 44. hxg5 fxg5 45. Kf1 Rb2 46. Ke1 Kg6 47.
g4 Rb4 48. Kd2 Rxg4 49. Kc3 Rg1 50. Kc4 Rf1 51. Rf8 Rb1 52. Kc5 g4 53. Kc6 Kg5 54. b7 Rc1+ 55. Kd5 Rd1+ 56. Ke4 Re1+ 57. Kd3 1-0

[Event "Early-Titled-Tuesday-Blitz-October-24-2023"]
[Site "Chess.com"]
[Date "2023.10.24"]
[Round "3"]
[White "Barmen_EV"]
[Black "the_chess_child"]
[Result "0-1"]
[WhiteElo "2506"]
[BlackElo "2943"]
[TimeControl "180+1"]
[EndTime "8:27:32 PDT"]
[Termination "the_chess_child won by checkmate"]

1. e4 c5 2. c3 Nf6 3. e5 Nd5 4. d4 cxd4 5. Nf3 e6 6. cxd4 d6 7. Bd3 Nc6 8. exd6 Bxd6 9. Nc3 O-O 10. O-O b6 11. a3 Bb7 12. Bb1 Rc8 13. Qd3 g6 14.
Bh6 Re8 15. Re1 Nxc3 16. bxc3 Na5 17. Ng5 Be7 18. Nxh7 Kxh7 19. Rxe6 Bf6 20. Qh3 Rxe6 21. Bf4+ Kg8 22. Bxg6 fxg6 23. Qxe6+ Kg7 24. Re1 Qd5 25.
Qh3 Rh8 26. Qg3 Nc4 27. h4 Rxh4 28. Be5 Bxe5 29. dxe5 Re4 30. Rc1 Rxe5 31. Rb1 Rg5 32. Qc7+ Kh6 33. f3 Rxg2+ 34. Kf1 Qxf3+ 35. Ke1 Qe2# 0-1

[Event "Early-Titled-Tuesday-Blitz-October-24-2023"]
[Site "Chess.com"]
[Date "2023.10.24"]
[Round "3"]
[White "jaskol95"]
[Black "Balla_Tamas"]
[Result "1-0"]
[WhiteElo "2563"]
[BlackElo "2368"]
[TimeControl "180+1"]
[EndTime "8:27:33 PDT"]
[Termination "jaskol95 won by resignation"]

1. e4 c5 2. Nf3 Nc6 3. b4 cxb4 4. d4 d5 5. exd5 Qxd5 6. c4 bxc3 7. Nxc3 Qa5 8. Rb1 e6 9. Bd2 Bb4 10. Rxb4 Qxb4 11.
d5 Nd4 12. Nxd4 Qxd4 13. Bb5+ Kf8 14. O-O Nf6 15. Qc1 exd5 16. Be3 Qe5 17. Bc5+ Kg8 18. Re1 Qh5 19. Bd4 Be6 20. Qf4 Qf5 21. Qc7 Rc8 22. Qxb7 h6 23. Ne2 Kh7 24. Ng3 Qg4 25. h3 Qxd4 26. Ne2 Qb6 27. Qe7 Qxb5 28. Nf4 Qb4 29. Qxb4 Rc4 30. Qb1+ Kg8 31. Nxe6 fxe6 32. Rxe6 Kf7 33.
Ra6 Rhc8 34. Rxa7+ Kg8 35. Qg6 R4c7 36. Rxc7 Rxc7 37. a4 Rd7 38. a5 d4 39. Qd3 Ne4 40.
Qxe4 d3 41. Qc4+ Kh7 42. Qe4+ Kh8 43. Qe8+ Kh7 44. Qxd7 d2 45. Qxd2 1-0

[Event "Early-Titled-Tuesday-Blitz-October-24-2023"]
[Site "Chess.com"]
[Date "2023.10.24"]
[Round "3"]
[White "IsuruAlahakoon"]
[Black "tarno17"]
[Result "1-0"]
[WhiteElo "2341"]
[BlackElo "2110"]
[TimeControl "180+1"]
[EndTime "8:27:33 PDT"]
[Termination "IsuruAlahakoon won by checkmate"]

1. Nf3 d5 2. e3 e6 3. c4 Nf6 4. b3 Be7 5. Bb2 O-O 6. Nc3 b6 7. cxd5 exd5 8. d4 Bb7 9. Bd3 Nbd7 10. O-O c5 11. Rc1 Rc8 12. Nb5 a6 13. Nc3 c4 14.
bxc4 dxc4 15. Bf5 b5 16. a3 Re8 17. Ne5 g6 18. Bh3 Bf8 19. f4 Bg7 20. e4 Rc7 21.
Nxd7 Nxd7 22. e5 Nb6 23. f5 Nd5 24. f6 Bh6 25. Nxd5 Qxd5 26. Kh1 Rec8 27. Bc3 Rd8 28. Rc2 Re8 29. Re2 Bc8 30. Bxc8 Rcxc8 31. Qe1 Re6 32. Qh4 Bf8 33. Re3 h5 34. Rg3 Kh7 35. Rh3 Bxa3 36. Qg5 Rh8 37. Rxh5+ gxh5 38. Qg7# 1-0

[Event "Early-Titled-Tuesday-Blitz-October-24-2023"]
[Site "Chess.com"]
[Date "2023.10.24"]
[Round "3"]
[White "js20000"]
[Black "Russian_berezka"]
[Result "1-0"]
[WhiteElo "2920"]
[BlackElo "2690"]
[TimeControl "180+1"]
[EndTime "8:27:36 PDT"]
[Termination "js20000 won on time"]

1. Nf3 Nf6 2. b3 b6 3. g3 Bb7 4. Bg2 g6 5. Bb2 Bg7 6. O-O O-O 7. c4 c5 8. Nc3 d5 9. Nxd5 Nxd5 10. Bxg7 Kxg7 11. cxd5 Bxd5 12. d4 Nd7 13. Re1 Be4 14.
Qd2 cxd4 15. Qxd4+ Nf6 16. Qb2 Qc7 17. Rac1 Qb7 18. Qe5 Rac8 19. Bh3 Rxc1 20. Rxc1 Bxf3 21. exf3 Qxf3 22. Bg2 Qf5 23. Qxe7 Qa5 24. Rc6 Ng4 25. Rc4 Ne5 26. Re4 Nc6 27. Qd7 Qc5 28. Rc4 Ne5 29. Rxc5 Nxd7 30. Rc7 Ne5 31. Rxa7 Rd8 32. Rb7 Rd1+ 33.
Bf1 Nf3+ 34. Kg2 Ne1+ 35. Kh3 Rd6 36. Bc4 Rf6 37. f4 h5 38. a4 Nc2 39. Re7 Na3 40. Bd3 Rd6 41. Re3 Rd4 42. Kg2 Rb4 43. Be4 Rd4 44.
Kf3 Rd2 45. Re2 Rd1 46. Ke3 Nb1 47. Rc2 Re1+ 48. Kd4 Rd1+ 49. Bd3 Nd2 50. Kc3 Nf1 51. Bxf1 1-0